 Dungeon Crawl Stone Soup version 0.27.0-1-g7a089689b8 (webtiles) character file.

Game seed: 11676038257061591912

296 freelancePsychic the Poker (level 6, 0/56 HPs)
             Began as a Minotaur Abyssal Knight on Aug 8, 2021.
             Was a Believer of Lugonu.
             Succumbed to a scorpion's poison
             ... on level 4 of the Dungeon.
             The game lasted 00:04:17 (2789 turns).

freelancePsychic the Poker (MiAK)                   Turns: 2789, Time: 00:04:17

Health: 0/56       AC: 11    Str: 19    XL:     6   Next: 12%
Magic:  6/6        EV:  7    Int:  9    God:    Lugonu [**....]
Gold:   44         SH:  0    Dex:  9    Spells: 5/5 levels left

rFire    . . .     SeeInvis .   a - +1 spear
rCold    + . .     Faith    .   (no shield)
rNeg     . . .     Spirit   .   c - +0 chain mail
rPois    .         Reflect  .   e - +2 hat
rElec    .         Harm     .   (no cloak)
rCorr    .         Rampage  .   (no gloves)
Will     .....                  (no boots)
Stlth    ..........             (no amulet)
HPRegen  0.18/turn              f - ring of protection from cold
MPRegen  0.10/turn              (no ring)

@: lethally poisoned (0 -> -7)
A: horns 2, retaliatory headbutt
a: Renounce Religion, Depart the Abyss, Bend Space


You were on level 4 of the Dungeon.
You worshipped Lugonu.
Lugonu was pleased with you.
You visited 1 branch of the dungeon, and saw 4 of its levels.
You visited the Abyss 1 time.

You collected 44 gold pieces.

Inventory:

Hand Weapons
 a - a +1 spear (weapon)
Missiles
 h - 7 poisoned darts (quivered)
Armour
 b - a +0 leather armour
 c - a +0 chain mail (worn)
 e - a +2 hat (worn)
Jewellery
 f - a ring of protection from cold (left hand)
Scrolls
 g - a scroll of identify {unknown}


   Skills:
 + Level 5.1 Fighting
 * Level 5.8 Polearms
 - Level 3.8 Armour
 - Level 1.1 Dodging
 + Level 2.4 Invocations


You had 5 spell levels left.
You didn't know any spells.
Your spell library contained the following spells:

 Spells                   Type           Power      Damage    Failure   Level
 Magic Dart               Conj           0%         1d3       99%         1
 Searing Ray              Conj           0%         3d3       100%        2
 Gell's Gravitas          Tloc           0%         N/A       100%        3
 Ozocubu's Armour         Ice            0%         N/A       100%        3
 Teleport Other           Tloc           0%         N/A       100%        3
 Fulminant Prism          Conj/Hex       0%         3d6       100%        4
 Dispersal                Tloc           0%         N/A       100%        6
 Ozocubu's Refrigeration  Ice            0%         4d5       100%        7


Dungeon Overview and Level Annotations

Branches:
Dungeon (4/15)
 Temple: D:4-7

Altars:

Shops:
D:1 ?   D:2 [

Annotations:
D:3 3 runed translucent doors, 0gre's ghost, amateur GnIE


Innate Abilities, Weirdness & Mutations

You have a pair of horns on your head.
You reflexively headbutt those who attack you in melee.


Message History

The scorpion poisons you!
You closely miss the scorpion.
The scorpion is heavily wounded.
You feel very sick.
The scorpion stings you but does no damage.
You hit the scorpion but do no damage. You headbutt the scorpion.
The scorpion is severely wounded.
You feel sick. The scorpion stings you.
You hit the scorpion. Your headbutt misses the scorpion.
The scorpion is almost dead.
You feel sick.
The scorpion stings you but does no damage.
You closely miss the scorpion.
You headbutt the scorpion, but do no damage.
The scorpion is almost dead.
You feel sick. The scorpion stings you.
* * * LOW HITPOINT WARNING * * *
You are lethally poisoned!
The scorpion poisons you!
You hit the scorpion but do no damage.
The scorpion is almost dead.
* * * LOW HITPOINT WARNING * * *
You feel very sick.
You hit the scorpion but do no damage. You headbutt the scorpion.
You kill the scorpion!
Lugonu accepts your kill.
* * * LOW HITPOINT WARNING * * *
You feel very sick.
You have reached level 6!
Your experience leads to an increase in your attributes!
Increase (S)trength, (I)ntelligence, or (D)exterity?
You feel stronger.
You aren't carrying any potions.
Unknown command.
* * * LOW HITPOINT WARNING * * *
You feel sick.
* * * LOW HITPOINT WARNING * * *
You feel sick.
An adder comes into view.
You die...

#.#.# #.#.# #
#.#.# ## #.#.#
.## #.#.## #.##
#.#.## .#.##
##.#.# #.#.##
##.#.## ##.#.##
##.#@## .##.#.##
##.#.##
..##.#.##
##.#.##
#..##.#.###†#.##
##..##.#.#.#.##
..<..##.#.#.##
####.###.#.##
....>.<##S##
#####..###


You could see an adder (asleep).

Vanquished Creatures
  A scorpion (D:4)
  An orc priest (D:3)
  Terence (D:3)
  An iguana (D:4)
  An orc wizard (D:2)
  5 adders
  A worm (D:2)
  3 dart slugs
  11 orcs (D:3)
  3 endoplasms (D:2)
  2 giant cockroaches
  5 goblins
  3 hobgoblins
  6 kobolds
  4 quokkas
  8 ball pythons
  4 bats
  2 frilled lizards
  8 rats
70 creatures vanquished.

Vanquished Creatures (others)
  3 fungi (D:3)
  2 plants (D:3)
5 creatures vanquished.

Grand Total: 75 creatures vanquished

Notes
Turn   | Place    | Note
-------+----------+-------------------------------------------
     0 | Abyss:1  | freelancePsychic the Minotaur Abyssal Knight began the
                  | quest for the Orb.
     0 | Abyss:1  | Reached XP level 1. HP: 19/19 MP: 1/1
    11 | D:1      | Escaped the Abyss
   296 | D:1      | Reached XP level 2. HP: 27/27 MP: 2/2
   443 | D:1      | Found Husofofo's Magic Scroll Shoppe.
   807 | D:2      | Found Pyse's Antique Armour Shoppe.
   812 | D:2      | Reached ** piety under Lugonu
   826 | D:2      | Reached XP level 3. HP: 11/33 MP: 3/3
  1327 | D:2      | Reached XP level 4. HP: 36/41 MP: 4/4
  1817 | D:3      | Noticed Terence
  1838 | D:3      | Killed Terence
  1858 | D:2      | Reached XP level 5. HP: 29/47 MP: 5/5
  2088 | D:3      | Found a runed translucent gate.
  2088 | D:3      | Found a runed translucent gate.
  2089 | D:3      | Found a runed translucent gate.
  2097 | D:3      | Noticed 0gre's ghost (amateur GnIE)
  2281 | D:3      | Reached skill level 5 in Polearms
  2620 | D:3      | Noticed a centaur
  2675 | D:4      | Reached skill level 5 in Fighting
  2787 | D:4      | Reached XP level 6. HP: 5/56 MP: 6/6
  2788 | D:4      | HP: 1/56 [poisoned by a scorpion]
  2789 | D:4      | Succumbed to a scorpion's poison

Illustrated notes

Levels and vault maps discovered:
D:1:      dpeg_chamrin_arrival_tetris, layout_basic, serial_shops,
          nicolae_shop_waterfront, grunt_decor_mini_mirrors, solitary_fountain
D:2:      layout_loops_ring, serial_shops, nicolae_diamond_shop,
          kennysheep_generic_room_15
D:3:      layout_loops_cross, gammafunk_ghost_split,
          shapermc_ecumenical_altar_acropolis, serial_shops,
          nicolae_shop_crystal, uniq_terence
D:4:      minmay_inner_zag, layout_basic, serial_shops, shop, serial_glass,
          glass_columns_a, glass_columns_b, due_unseen_surprise,
          feat_on_display, corner_web_ring

Skill      XL: |  1  2  3  4  5 |
---------------+----------------+-----
Polearms       | 3 4 5 |  5.8
Fighting       | 4 5 |  5.1
Armour         | 3 |  3.8
Invocations    | 2 |  2.4
Dodging        | |  1.1

Action                   |  1- 3 |  4- 6 || total
-------------------------+-------+-------++-------
Melee: Spear             |   106 |   130 ||   236
       Headbutt          |     6 |    25 ||    31
Throw: Javelin           |       |     2 ||     2
  Use: Potion            |     2 |     1 ||     3
       Scroll            |     1 |     5 ||     6
 Stab: Invisible         |       |     2 ||     2
Armor: Chain mail        |    35 |    56 ||    91
       Leather armour    |     1 |       ||     1
Dodge: Dodged            |    26 |    32 ||    58
